 Dungeon Crawl Stone Soup version 0.19-a0-644-gd04d753 (webtiles) character file.

169 georgeearnest the Skirmisher (level 5, -9/47 HPs)
             Began as a Hill Orc Fighter on June 14, 2016.
             Mangled by an ogre
             ... wielding a +0 giant club
              (20 damage)
             ... on level 4 of the Dungeon.
             The game lasted 00:03:54 (3013 turns).

georgeearnest the Skirmisher (Hill Orc Fighter)     Turns: 3013, Time: 00:03:55

Health: -9/47      AC:  9    Str: 20    XL:     5   Next: 50%
Magic:  5/5        EV:  8    Int:  8    God:
Gold:   211        SH:  9    Dex: 10    Spells: 0 memorised, 4 levels left

rFire  . . .     SeeInvis .     a - +0 war axe
rCold  . . .     Gourm    .     b - +0 scale mail
rNeg   . . .     Faith    .     c - +0 shield
rPois  .         Spirit   .     (no helmet)
rElec  .         Dismiss  .     q - +1 cloak
rCorr  .         Reflect  .     (no gloves)
SustAt +         Harm     .     (no boots)
MR     .....                    (no amulet)
Stlth  +.........               l - ring of sustain attributes
                                n - ring of stealth

@: not resistant to hostile enchantments, very unstealthy
A: no striking features
a: no special abilities


You were on level 4 of the Dungeon.
You were not hungry.

You visited 1 branch of the dungeon, and saw 4 of its levels.

You collected 211 gold pieces.

Inventory:

Hand Weapons
 a - a +0 war axe (weapon)
Armour
 b - a +0 scale mail (worn)
 c - a +0 shield (worn)
 q - a +1 cloak (worn)
Jewellery
 f - an uncursed ring of protection from magic {unknown}
 l - a ring of sustain attributes (right hand)
 n - a ring of stealth (left hand)
Wands
 t - a wand of digging (15/24)
Scrolls
 k - 2 scrolls of identify {unknown}
 m - a scroll of fog {unknown}
 p - a scroll of recharging {unknown}
 s - a scroll of noise {unknown}
 u - a scroll of immolation {unknown}
 v - a scroll of amnesia {unknown}
Potions
 d - 2 potions of agility {unknown}
 e - a potion of heal wounds
 g - a potion of brilliance {unknown}
 j - 2 potions of mutation {unknown}
 o - a potion of ambrosia {unknown}
Comestibles
 h - a slice of pizza
 i - 6 fruits
 r - 2 bread rations


   Skills:
 + Level 4.6 Fighting
 + Level 4.3 Axes
 + Level 4.0 Armour
 + Level 1.6 Dodging
 + Level 0.1 Stealth
 + Level 3.8 Shields


You had 4 spell levels left.
You didn't know any spells.

Dungeon Overview and Level Annotations

Branches:
Dungeon (4/15)
 Temple: D:4-7

Altars:
Elyvilon
Nemelex Xobeh
Sif Muna
Uskayaw
Yredelemnul

Shops:
D:4 [


Message History

You barely miss the ogre. You block the ogre's attack.
You slash the ogre!
The ogre is moderately wounded.
The ogre hits you with a giant club!
Your shield and scale mail prevent you from hitting the ogre.
The ogre is moderately wounded.
You hit the kobold zombie. The ogre hits you with a giant club!
* * * LOW HITPOINT WARNING * * *
The kobold zombie barely misses you.
A mummy comes into view.
You are too injured to fight recklessly!
You are too injured to fight recklessly!
You are too injured to fight recklessly!
You are too injured to fight recklessly!
You are too injured to fight recklessly!
You are too injured to fight recklessly!
You hit the ogre.
The ogre is moderately wounded.
You hit the kobold zombie. The ogre hits you with a giant club!!
You die...

.!.. ..... .....##
.......## ...#..#
M.Z.# #ZO# #.@#
#..# ........#
#..# .........#
#..#
.........######.##
................#
............###.#
............###.#
...............##


You could see an ogre, a mummy and 2 kobold zombies.

Vanquished Creatures
  4 gnolls (D:3)
  4 adders
  An ooze (D:1)
  3 worms (D:2)
  A dart slug (D:2)
  5 giant geckos
  An orc (D:3)
  2 giant cockroaches
  8 goblins
  7 hobgoblins
  5 jackals (D:3)
  9 kobolds
  2 quokkas
  2 ball pythons
  4 bats
  6 giant newts
  12 rats
76 creatures vanquished.

Vanquished Creatures (others)
  2 plants (D:2)
  4 toadstools (D:1)
6 creatures vanquished.

Grand Total: 82 creatures vanquished

Notes
Turn   | Place    | Note
--------------------------------------------------------------
     0 | D:1      | georgeearnest the Hill Orc Fighter began the quest for the Orb.
     0 | D:1      | Reached XP level 1. HP: 19/19 MP: 1/1
    43 | D:1      | Reached XP level 2. HP: 27/27 MP: 2/2
   626 | D:2      | Reached XP level 3. HP: 28/33 MP: 3/3
   708 | D:2      | Found a sparkling altar of Nemelex Xobeh.
   708 | D:2      | Found a basalt altar of Yredelemnul.
   709 | D:2      | Found a deep blue altar of Sif Muna.
   984 | D:2      | Reached XP level 4. HP: 38/40 MP: 4/4
  1025 | D:2      | Reached skill level 1 in Dodging
  1576 | D:3      | Reached XP level 5. HP: 15/47 MP: 5/5
  2547 | D:3      | Found a white marble altar of Elyvilon.
  2547 | D:3      | Found a hide-covered altar of Uskayaw.
  2727 | D:4      | Found Qaab's Armour Shop.
  3006 | D:4      | Noticed an ogre
  3013 | D:4      | Mangled by an ogre

Vault maps used:
D:1:      ldierk_walled_garden_2, hangedman_decor_peaks_small
D:2:      gammafunk_temple_overflow_claw, lexackson_kobold_supper
D:3:      gammafunk_temple_overflow_wave, first_bread, dk_noncrumbling_3
D:4:      nicolae_dithmenos_through_a_glass_darkly, serial_shops, shop,
          minmay_mini_ossuary

Skill      XL: |  1  2  3  4  5 |
---------------+----------------+-----
Fighting       | 4 |  4.6
Axes           | 3 4 |  4.3
Dodging        | 1 |  1.6
Armour         | 4 |  4.0
Stealth        | |  0.1
Shields        | |  3.8

Action                   |  1- 3 |  4- 6 || total
-------------------------+-------+-------++-------
Melee: War axe           |   112 |   129 ||   241
  Use: Potion            |       |     2 ||     2
  Eat: Bread ration      |     1 |       ||     1
       Pizza             |       |     1 ||     1
       Beef jerky        |       |     1 ||     1
Armor: Scale mail        |    61 |    49 ||   110
Dodge: Dodged            |    37 |    44 ||    81
Block: Shield            |    54 |    78 ||   132
